 Dungeon Crawl Stone Soup version 0.29-a0-344-ge2f44be95a (webtiles) character file.

Game seed: 13934146048995990811

1521 spiderkeys the Skirmisher (level 8, -6/71 HPs)
             Began as a Ghoul Abyssal Knight on Apr 21, 2022.
             Was an Elder of Lugonu.
             Mangled by a gnoll sergeant
             ... wielding a +2 vorpal trident
              (10 damage)
             ... on level 6 of the Dungeon.
             The game lasted 00:06:21 (5522 turns).

spiderkeys the Skirmisher (Ghoul Abyssal Knight)    Turns: 5522, Time: 00:06:22

Health: -6/71      AC: 10    Str: 19    XL:     8   Next: 84%
Magic:  10/11      EV: 10    Int:  6    God:    Lugonu [****..]
Gold:   302        SH:  5    Dex:  9    Spells: 7/7 levels left

rFire   + . .      SeeInvis +   b - +1 hand axe (venom)
rCold   + . .      Faith    .   H - +2 buckler {reflect}
rNeg    + + +      Spirit   .   s - +1 ring mail {rF+} rPois โˆž Reflect +
                                (no helmet)
rElec   .          Harm     .   x - +2 cloak "Kufeluoq" {rPois Int-5 SInv Stlth+}
rCorr   .          Rampage  .   (no gloves)
Will    .....                   (no boots)
Stlth   +.........              (no amulet)
HPRegen 0.00/turn               I - +6 ring of intelligence
MPRegen 0.12/turn               v - ring of see invisible

@: inhibited regen
A: claws 1, cold resistance 1, negative energy resistance 3, inhibited
regeneration, torment resistance 2, devour on kill
a: Renounce Religion, Depart the Abyss, Bend Space, Banish, Corrupt


You were on level 6 of the Dungeon.
You worshipped Lugonu.
Lugonu was greatly pleased with you.
You visited 1 branch of the dungeon, and saw 6 of its levels.
You visited the Abyss 1 time.

You collected 302 gold pieces.


Innate Abilities, Weirdness & Mutations

You are immune to poison.
You have sharp fingernails.
Your flesh is cold resistant. (rC+)
You are immune to negative energy. (rN+++)
You do not regenerate when monsters are visible.
You are immune to unholy pain and torment.
You thrive by killing the living.


   Skills:
 + Level 6.6 Fighting
 + Level 5.0 Axes
 + Level 5.0 Armour
 - Level 1.0 Dodging
 + Level 2.0 Shields
 + Level 5.9 Invocations


You had 7 spell levels left.
You didn't know any spells.
Your spell library contained the following spells:

 Spells                   Type           Power      Damage    Failure   Level
 Scorch                   Fire           0%         2d5       86%         2
 Conjure Flame            Conj/Fire      0%         6-21      97%         3
 Ignite Poison            Fire/Tmut/Pois 0%         N/A       97%         3
 Tukima's Dance           Hex            0%         N/A       97%         3
 Flame Wave               Conj/Fire      0%         2d4       100%        4
 Passage of Golubria      Tloc           0%         N/A       100%        4
 Sticky Flame             Conj/Fire      0%         2d3       100%        4
 Yara's Violent Unravell  Hex/Tmut       0%         3d3       100%        5
 Summon Cactus Giant      Summ           0%         N/A       100%        6

Inventory:

Hand Weapons
 a - a +1 hand axe
 b - a +1 hand axe of venom (weapon)
   (You found it on level 1 of the Dungeon)
Missiles
 d - 214 stones
 e - 12 poisoned darts
 y - a throwing net {=f!f}
 F - a boomerang
Armour
 c - a +0 robe
   (You took it off Jessica on level 3 of the Dungeon)
 s - a +1 ring mail of fire resistance (worn)
   (You found it on level 3 of the Dungeon)
 u - a +0 leather armour
   (You found it on level 3 of the Dungeon)
 w - a +0 helmet
   (You took it off Robin on level 3 of the Dungeon)
 x - the +2 cloak "Kufeluoq" (worn) {rPois Int-5 SInv Stlth+}
   (You found it on level 2 of the Dungeon)

   Int:       It affects your intelligence (-5).
   rPois:     It protects you from poison.
   SInv:      It lets you see invisible.
   Stlth:     It makes you more stealthy.
 A - a +0 animal skin
   (You took it off Robin on level 3 of the Dungeon)
 B - a +0 chain mail
   (You found it on level 4 of the Dungeon)
 C - a +0 robe
   (You took it off an orc wizard on level 4 of the Dungeon)
 D - a +0 robe
   (You found it on level 4 of the Dungeon)
 E - a +0 leather armour
   (You took it off an orc on level 5 of the Dungeon)
 G - a +1 leather armour of fire resistance
   (You took it off an orc on level 5 of the Dungeon)
 H - a +2 buckler of reflection (worn)
   (You found it on level 5 of the Dungeon)
 K - a +0 ring mail
   (You found it on level 5 of the Dungeon)
Magical Staves
 M - a staff of poison {!a}
   (You found it on level 6 of the Dungeon)
Jewellery
 v - a ring of see invisible (right claw)
   (You found it on level 4 of the Dungeon)
 I - a +6 ring of intelligence (left claw)
   (You found it on level 3 of the Dungeon)
 Z - a ring of wizardry
   (You found it on level 5 of the Dungeon)
Wands
 g - a wand of digging (7)
   (You took it off Jessica on level 3 of the Dungeon)
 J - a wand of iceblast (9)
   (You found it on level 5 of the Dungeon)
Scrolls
 j - 2 scrolls of silence {!r}
 l - 2 scrolls of fear
 q - a scroll of torment
 r - a scroll of blinking {!r}
 t - a scroll of immolation {!r!r}
 L - a scroll of teleportation {@r4}
Potions
 f - a potion of haste {unknown}
 h - 2 potions of heal wounds {unknown}
 i - 3 potions of curing {unknown}
 k - a potion of berserk rage {unknown}
 m - a potion of cancellation {unknown}
 n - 2 potions of attraction {unknown}
 o - a potion of might
 p - 2 potions of ambrosia
 z - 2 potions of flight {unknown}

Dungeon Overview and Level Annotations

Branches:
Dungeon (6/15)             Temple (0/1) D:4

Altars:
Fedhas
Hepliaklqana
Kikubaaqudgha
Nemelex Xobeh
Okawaru
Ru
Sif Muna
Vehumet
Zin

Shops:
D:4 *

Annotations:
D:5 2 transporters

.....####...........###...#######
.....# ##........#.# #..## .....#
##.....#.#.###..# .....#
##...##.#......# .....#
##+###.###.##.# ###.## #.
#........# #.# ####.#######.####
#.# .......#####.# #.#
#.....)@.ggยง.# #.#
.#....).###### ##....)# ##....#
......# ###.#.## .... #####


You could see a gnoll sergeant and a gnoll (very poisoned).


Message History

You now have 302 gold pieces (gained 16).
There is a stone staircase leading down here.
Key pressed, stopping explore.
M - a staff of poison {!a} No target in view!
No target in view!
A gnoll sergeant and 2 gnolls come into view.
The gnoll sergeant is wielding a +2 vorpal trident.
There are monsters nearby!
There are monsters nearby!
A gnoll comes into view. It is wielding a +0 club.
The gnoll shouts!
You hear a shout!
A gnoll comes into view. It is wielding a +0 flail. x2
The gnoll shouts! x3
You slash the gnoll!
The gnoll is poisoned.
You hit the gnoll.
The gnoll is poisoned.
You barely miss the gnoll. x2
You block the gnoll's attack. The gnoll hits you but does no damage.
The gnoll barely misses you. The gnoll hits you with a +0 flail.
You block the gnoll sergeant's attack. ๐Ÿ˜• HP[-1]
You take 1 damage, and now have 70/71 hp.
You hit the gnoll.
The gnoll looks as sick as possible!
You hit the gnoll but do no damage.
The gnoll is poisoned.
You hit the gnoll. You closely miss the gnoll.
The gnoll hits you but does no damage. x2
The gnoll misses you. The gnoll sergeant closely misses you.
You barely miss the gnoll. x2; You hit the gnoll but do no damage.
You slash the gnoll!
The gnoll looks as sick as possible!
You hit the gnoll but do no damage.
The gnoll is poisoned.
You kill the gnoll!
Lugonu accepts your kill.
You feel better. The gnoll closely misses you.
The gnoll hits you with a +0 flail. The gnoll closely misses you.
The gnoll hits you but does no damage. The gnoll sergeant barely misses you.
The gnoll hits you with a +0 whip. The gnoll closely misses you.
The gnoll hits you but does no damage.
The gnoll sergeant hits you from afar with a +2 vorpal trident.
You block the gnoll's attack. ๐Ÿ˜• HP[-9]
You take 9 damage, and now have 61/71 hp.
You hit the gnoll.
The gnoll looks as sick as possible!
You hit the gnoll.
The gnoll looks as sick as possible!
You hit the gnoll. You barely miss the gnoll.
The gnoll looks more healthy.
You kill the gnoll!
Lugonu accepts your kill.
You feel better. The gnoll hits you but does no damage.
The gnoll hits you with a +0 flail! The gnoll barely misses you.
The gnoll sergeant hits you from afar with a +2 vorpal trident.
Your Shields skill increases to level 2! ๐Ÿ˜• HP[-4]
You take 4 damage, and now have 57/71 hp.
You hit the gnoll but do no damage.
The gnoll looks as sick as possible!
You closely miss the gnoll. You hit the gnoll.
The gnoll is poisoned.
The gnoll hits you with a +0 club. The gnoll misses you.
The gnoll hits you with a +0 flail.
You block the gnoll sergeant's attack. ๐Ÿ˜ฎ HP[-10]
You take 10 damage, and now have 47/71 hp.
You are too injured to fight recklessly!
You are too injured to fight recklessly!
You are too injured to fight recklessly!
You are too injured to fight recklessly!
You barely miss the gnoll. You closely miss the gnoll. You hit the gnoll.
You kill the gnoll!
Lugonu accepts your kill. The gnoll hits you with a +0 flail.
You block the gnoll's attack. The gnoll sergeant closely misses you.
Your Armour skill increases to level 5! ๐Ÿ˜ฎ HP[-4]
You take 4 damage, and now have 43/71 hp.
You hit the gnoll.
You kill the gnoll!
Lugonu accepts your kill.
You hit the gnoll. The gnoll hits you with a +0 flail.
The gnoll sergeant hits you from afar with a +2 vorpal trident.
* * * LOW HITPOINT WARNING * * *
x2 ๐Ÿ˜จ HP[-13]
You take 13 damage, and now have 30/71 hp.
You closely miss the gnoll. You block the gnoll's attack.
You block the gnoll sergeant's attack.
You hit the gnoll. You block the gnoll sergeant's attack.
The gnoll hits you with a +0 flail.
* * * LOW HITPOINT WARNING * * *
๐Ÿ˜จ HP[-6]
You take 6 damage, and now have 24/71 hp.
You barely miss the gnoll. The gnoll barely misses you.
The gnoll sergeant hits you from afar with a +2 vorpal trident!
* * * LOW HITPOINT WARNING * * *
x2 ๐Ÿ˜ฑ HP[-13]
You take 13 damage, and now have 11/71 hp.
You hit the gnoll but do no damage.
The gnoll is poisoned.
The gnoll completely misses you.
The gnoll sergeant hits you from afar with a +2 vorpal trident.
* * * LOW HITPOINT WARNING * * *
x2 ๐Ÿ˜ฑ HP[-5]
You take 5 damage, and now have 6/71 hp.
The gnoll attacks as you move away! You block the gnoll's attack.
Okay, then.
Space bends violently around you!
You blink.
The gnoll sergeant hits you from afar with a +2 vorpal trident!
You die...

Skill      XL: |  1  2  3  4  5  6  7  8 |
---------------+-------------------------+-----
Dodging        | 1 |  1.0
Armour         | 2 3 4 5 |  5.0
Axes           | 2 3 4 5 |  5.0
Fighting       | 4 5 6 |  6.6
Invocations    | 3 4 5 |  5.9
Shields        | 2 |  2.0

Action                   |  1- 3 |  4- 6 |  7- 9 || total
-------------------------+-------+-------+-------++-------
Melee: Hand axe          |   101 |   105 |   184 ||   390
       Punch             |       |       |     2 ||     2
Throw: Boomerang         |       |       |    14 ||    14
       Stone             |       |       |     1 ||     1
Invok: Bend Space        |       |       |     1 ||     1
  Use: Scroll            |       |       |     6 ||     6
 Stab: Paralysed         |       |       |     2 ||     2
Armor: Ring mail         |    39 |    70 |   102 ||   211
       Leather armour    |     2 |       |       ||     2
Dodge: Dodged            |    49 |    53 |   111 ||   213
Block: Buckler           |       |       |    27 ||    27

Levels and vault maps discovered:
D:1:      pf_arrival_petrified_forest, layout_basic
D:2:      layout_basic, glass_columns_a, st_stairs_6
D:3:      layout_basic, nicolae_ecumenical_pavilion, kennysheep_boxes,
          uniq_grinder, uniq_jessica, uniq_robin
D:4:      layout_basic, nicolae_ru_great_annihilating_truth, zin_purify,
          minmay_temple_entry_poolview
D:5:      minmay_spotlight, layout_basic, kennysheep_okawaru_gauntlet,
          mainiacjoe_overflow_small_starburst, gammafunk_ghost_hive
D:6:      layout_loops_corners, nicolae_overflow_hallway_of_the_gods,
          minmay_manual_monstrance, uniq_duvessa, uniq_edmund

Notes
Turn   | Place    | Note
-------+----------+-------------------------------------------
     0 | Abyss:1  | spiderkeys the Ghoul Abyssal Knight began the quest for the
                  | Orb.
     0 | Abyss:1  | Reached XP level 1. HP: 19/19 MP: 1/1
     0 | Abyss:1  | magus.rc [v1.11.3]
    25 | D:1      | You pass through the gate.
    25 | D:1      | Escaped the Abyss
    87 | D:1      | Reached skill level 1 in Dodging
   213 | D:1      | Reached skill level 2 in Armour
   213 | D:1      | Reached XP level 2. HP: 20/26 MP: 2/2
   215 | D:1      | Reached skill level 2 in Axes
   276 | D:1      | You add the spells Tukima's Dance, Passage of Golubria and
                  | Yara's Violent Unravelling to your library.
  1127 | D:2      | Reached XP level 3. HP: 31/31 MP: 3/3
  1181 | D:2      | You add the spells Conjure Flame, Ignite Poison and Sticky
                  | Flame to your library.
  1229 | D:2      | Identified the +2 cloak "Kufeluoq" {rPois Int-5 SInv
                  | Stlth+}
  1368 | D:2      | Reached *** piety under Lugonu
  1715 | D:2      | Reached XP level 4. HP: 36/40 MP: 5/5
  1778 | D:3      | Found a faded altar of an unknown god.
  1903 | D:3      | Noticed Jessica
  1909 | D:3      | Killed Jessica
  1910 | D:3      | Reached skill level 4 in Fighting
  1910 | D:3      | Reached skill level 3 in Invocations
  2086 | D:3      | Reached XP level 5. HP: 46/46 MP: 6/6
  2156 | D:3      | Noticed Grinder
  2169 | D:3      | Killed Grinder
  2170 | D:3      | Reached skill level 3 in Axes
  2170 | D:3      | Reached skill level 3 in Armour
  2170 | D:3      | Reached XP level 6. HP: 35/53 MP: 7/7
  2614 | D:3      | Reached skill level 4 in Invocations
  2635 | D:3      | Noticed Robin
  2651 | D:3      | Killed Robin
  3042 | D:4      | Found Zin's Purification Station.
  3073 | D:4      | Reached skill level 5 in Fighting
  3211 | D:4      | Reached XP level 7. HP: 54/61 MP: 9/9
  3559 | D:4      | Reached **** piety under Lugonu
  3595 | D:4      | Found a staircase to the Ecumenical Temple.
  3703 | D:4      | Found a sacrificial altar of Ru.
  3712 | D:4      | Reached skill level 4 in Axes
  4033 | D:5      | Entered Level 5 of the Dungeon
  4079 | D:5      | Reached skill level 4 in Armour
  4093 | D:5      | You pick up a book of Scorching and begin reading...
  4093 | D:5      | You add the spells Scorch, Flame Wave and Summon Cactus
                  | Giant to your library.
  4183 | D:5      | Reached skill level 5 in Invocations
  4268 | D:5      | Found a transporter.
  4271 | D:5      | Found a transporter.
  4278 | D:5      | Reached XP level 8. HP: 63/70 MP: 10/10
  4446 | D:5      | Reached skill level 6 in Fighting
  4665 | D:5      | Found an iron altar of Okawaru.
  4675 | D:5      | Reached skill level 1 in Shields
  5134 | D:5      | Found a shimmering blue altar of Sif Muna.
  5328 | D:6      | Found an ancient bone altar of Kikubaaqudgha.
  5337 | D:6      | Found a radiant altar of Vehumet.
  5341 | D:6      | Found a blossoming altar of Fedhas.
  5341 | D:6      | Found a hazy altar of Hepliaklqana.
  5353 | D:6      | Found a sparkling altar of Nemelex Xobeh.
  5441 | D:6      | Reached skill level 5 in Axes
  5511 | D:6      | Reached skill level 2 in Shields
  5513 | D:6      | Reached skill level 5 in Armour
  5516 | D:6      | HP: 14/71 [gnoll sergeant/+2 vorpal trident (10)]
  5520 | D:6      | HP: 6/71 [gnoll sergeant/+2 vorpal trident (1)]
  5522 | D:6      | Mangled by a gnoll sergeant

Vanquished Creatures
  Grinder (D:3)
  A water moccasin (D:5)
  A sky beast (D:5)
  A phantom (D:5)
  7 scorpions
  A howler monkey (D:5)
  6 hounds
  An orc priest (D:5)
  Jessica (D:3)
  3 iguanas (D:5)
  An orc wizard (D:4)
  Robin (D:3)
  4 gnolls (D:6)
  12 adders
  An ufetubus (D:6)
  A worm (D:2)
  2 dart slugs
  5 orcs
  9 ball pythons
  5 endoplasms
  2 giant cockroaches
  21 goblins
  8 hobgoblins
  4 jackals
  7 kobolds
  6 bats
  6 frilled lizards
  12 rats
130 creatures vanquished.

Table legend:
 A = Non-vault XP
 B = Vault XP
 C = Vault XP percentage of total XP
 D = Non-vault monster count
 E = Vault monster count
 F = Vault count percentage of total count
                 A         B        C        D         E       F
            +---------+---------+-------+---------+---------+-------
      Total |    1535 |     638 |  29.4 |     104 |      26 |  20.0
            +---------+---------+-------+---------+---------+-------
        D:1 |      32 |       0 |   0.0 |      21 |       0 |   0.0
        D:2 |      60 |       3 |   4.8 |      21 |       2 |   8.7
        D:3 |      99 |     344 |  77.7 |      20 |      14 |  41.2
        D:4 |     336 |      50 |  13.0 |      17 |       4 |  19.0
        D:5 |     768 |     241 |  23.9 |      18 |       6 |  25.0
        D:6 |     240 |       0 |   0.0 |       7 |       0 |   0.0
            +---------+---------+-------+---------+---------+-------

Illustrated notes

Table legend:
 A = Kills in this place as a percentage of kills in entire the game.
 B = Kills by you in this place as a percentage of kills by you in the entire game.
 C = Kills by friends in this place as a percentage of kills by friends in the entire game.
 D = Other kills in this place as a percentage of other kills in the entire game.
 E = Experience gained in this place as a percentage of experience gained in the entire game.
 F = Experience gained in this place divided by the number of levels of this place that you have seen.
                   A       B       C       D       E      F
               +-------+-------+-------+-------+-------+----------------------
         Total | 100.0 | 100.0 |   N/A |   N/A | 100.0 | 310.4
       Dungeon | 100.0 | 100.0 |   N/A |   N/A | 100.0 | 362.2
               +-------+-------+-------+-------+-------+----------------------

Table legend: (Time is in decaauts)
 A = Elapsed time spent in this place.
 B = Non-inter-level travel time spent in this place.
 C = Inter-level travel time spent in this place.
 D = Time resting spent in this place.
 E = Time spent auto-exploring this place.
 F = Levels seen in this place.
 G = Mean time per level.
                   A        B        C        D        E       F      G
               +--------+--------+--------+--------+--------+-----+--------+
         Total |   5618 |   5269 |    349 |    106 |   4235 |   7 |  802.6 |
       Dungeon |   5593 |   5244 |    349 |    106 |   4220 |   6 |  932.2 |
         Abyss |     25 |     25 |      0 |      0 |     15 |   1 |   25.0 |
               +--------+--------+--------+--------+--------+-----+--------+

Top non-repeatable levels by time:
     D:5: 1278 daAuts
     D:3: 1221 daAuts
     D:1: 1065 daAuts
     D:4: 1006 daAuts
     D:2: 792 daAuts
     D:6: 229 daAuts
 Abyss:1: 25 daAuts
